 Dungeon Crawl Stone Soup version 0.24-b1 (webtiles) character file.

Game seed: 4092680556886589390, levelgen mode: deterministic

91 CryoSword the Shield-Bearer (level 4, 0/35 HPs)
             Began as a Demonspawn Fighter on Oct 11, 2019.
             Slain by a sky beast (1 damage)
             ... on level 3 of the Dungeon.
             The game lasted 00:04:08 (2246 turns).

CryoSword the Shield-Bearer (Demonspawn Fighter)    Turns: 2246, Time: 00:04:09

Health: 0/35       AC:  7    Str: 17    XL:     4   Next: 34%
Magic:  4/4        EV:  9    Int: 10    God:
Gold:   112        SH:  9    Dex: 12    Spells: 3/3 levels left

rFire    . . .     SeeInvis .   i - +0 long sword
rCold    . . .     Gourm    .   c - +0 shield
rNeg     . . .     Faith    .   b - +0 scale mail
rPois    .         Spirit   .   o - +0 helmet
rElec    .         Reflect  .   p - scarf {cloud immunity}
rCorr    .         Harm     .   (no gloves)
MR       .....                  (no boots)
Stlth    ..........             (no amulet)
HPRegen  0.11/turn              (no ring)
MPRegen  0.09/turn              (no ring)

@: no status effects
A: claws 1, repulsion field 1
a: no special abilities


You were on level 3 of the Dungeon.
You were not hungry.

You visited 1 branch of the dungeon, and saw 3 of its levels.

You collected 112 gold pieces.

Inventory:

Hand Weapons
 i - a +0 long sword (weapon)
Missiles
 j - 44 stones (quivered)
Armour
 b - a +0 scale mail (worn)
 c - a +0 shield (worn)
 o - a +0 helmet (worn)
   (You found it on level 1 of the Dungeon)
 p - a scarf of cloud immunity (worn)
   (You found it on level 2 of the Dungeon)
Jewellery
 s - an uncursed ring of flight {unknown}
   (You found it on level 2 of the Dungeon)
Scrolls
 e - a scroll of amnesia {unknown}
 g - 2 scrolls of teleportation {unknown}
 k - a scroll of magic mapping {unknown}
 r - a scroll of enchant weapon {unknown}
Potions
 a - 2 potions of flight {unknown}
 d - a potion of might
 h - a potion of heal wounds {unknown}
 l - 2 potions of degeneration {unknown}
 m - a potion of haste {unknown}
 n - a potion of agility {unknown}
 q - a potion of magic {unknown}
Comestibles
 f - 3 rations {!d}


   Skills:
 + Level 3.4 Fighting
 - Level 2.1 Long Blades
 + Level 3.0 Armour
 * Level 3.4 Shields
 * Level 1.5 Unarmed Combat


You had 3 spell levels left.
You didn't know any spells.
Your spell library was empty.

Dungeon Overview and Level Annotations

Branches:
Dungeon (3/15)

Altars:
Ru
Trog
Xom
Yredelemnul


Innate Abilities, Weirdness & Mutations

You have sharp fingernails.
You are surrounded by a mild repulsion field. (EV +2)


Message History

The worker ant is moderately wounded.
The worker ant bites you.
* * * LOW HITPOINT WARNING * * *
You hit the worker ant.
The worker ant is heavily wounded.
You feel sick. The worker ant closely misses you.
You hit the worker ant.
The worker ant is severely wounded.
You feel sick. The worker ant bites you.
* * * LOW HITPOINT WARNING * * *
The worker ant barely misses you.
You slash the worker ant!
You kill the worker ant!
You have reached level 4!
You feel clever.
You feel sick.
You feel sick.
You start resting.
You feel sick. x6
You are no longer poisoned.
You start resting.
Eating a chunk of flesh.
You eat the chunk of flesh.
This raw flesh tastes terrible.
HP restored.
Things that are here:
a +1 dagger of flaming; a goblin skeleton
Found 20 arrows.
A sky beast comes into view.
The sky beast moves out of view.
The sky beast is too close now for your liking.
A sky beast is nearby!
A sky beast is nearby!
You slash the sky beast!
The sky beast is moderately wounded.
The sky beast hits you but does no damage.
You miss the sky beast.
The sky beast is moderately wounded.
The sky beast barely misses you.
You riposte.
You closely miss the sky beast.
The sky beast is moderately wounded.
The sky beast barely misses you.
You slash the sky beast!
The sky beast is severely wounded.
The sky beast hits you but does no damage.
You closely miss the sky beast.
The sky beast is severely wounded.
The sky beast flickers out of sight!
Deactivating autopickup; reactivate with Ctrl-A.
You block something's attack.
No target in view!
There is a strange disturbance nearby!
You closely miss something. Something hits you but does no damage.
Something hits you. Something shocks you.
You closely miss something.
A sky beast appears from thin air!
Reactivating autopickup.
The sky beast hits you but does no damage.
You barely miss the sky beast.
The sky beast is severely wounded.
You block the sky beast's attack.
Your shield and scale mail prevent you from hitting the sky beast.
The sky beast is severely wounded.
You block the sky beast's attack. The sky beast hits you.
The sky beast shocks you.
You closely miss the sky beast.
The sky beast is heavily wounded.
The sky beast hits you. The sky beast shocks you.
* * * LOW HITPOINT WARNING * * *
You hit the sky beast.
The sky beast is severely wounded.
The sky beast flickers out of sight!
Deactivating autopickup; reactivate with Ctrl-A.
Something hits you.
* * * LOW HITPOINT WARNING * * *
Something shocks you.
* * * LOW HITPOINT WARNING * * *
You miss something.
A sky beast appears from thin air!
Reactivating autopickup.
The sky beast hits you but does no damage. x2
You barely miss the sky beast.
The sky beast is severely wounded.
The sky beast barely misses you.
You riposte.
You hit the sky beast.
The sky beast is severely wounded.
You closely miss the sky beast.
The sky beast is severely wounded.
The sky beast barely misses you.
You riposte.
Your shield and scale mail prevent you from hitting the sky beast.
The sky beast is severely wounded.
The sky beast hits you.
* * * LOW HITPOINT WARNING * * *
The sky beast shocks you.
* * * LOW HITPOINT WARNING * * *
You closely miss the sky beast.
The sky beast is severely wounded.
The sky beast barely misses you.
You hit the sky beast.
The sky beast is almost dead.
You block the sky beast's attack.
You closely miss the sky beast.
The sky beast is almost dead.
The sky beast hits you.
You die...

.....###.##.......#..#.
.....###.####.... ..#
..................
########.#........
..................
#########.#.######.
......$...#.#
.........## #
....(..@.# #######Y##
#.# #.# ... ... ...
.....


You could see a sky beast.

Vanquished Creatures
  A worker ant (D:3)
  An adder (D:2)
  A gnoll (D:1)
  A dart slug (D:1)
  A leopard gecko (D:1)
  3 ball pythons
  4 bats
  6 giant cockroaches
  6 goblins
  7 hobgoblins
  3 jackals (D:1)
  3 kobolds (D:1)
  3 frilled lizards
  2 rats (D:1)
42 creatures vanquished.

Notes
Turn   | Place    | Note
-------+----------+-------------------------------------------
     0 | D:1      | CryoSword the Demonspawn Fighter began the quest for the
                  | Orb.
     0 | D:1      | Reached XP level 1. HP: 18/18 MP: 1/1
    82 | D:1      | Gained mutation: You have sharp fingernails. [demonic
                  | ancestry]
    82 | D:1      | Reached XP level 2. HP: 17/24 MP: 2/2
   294 | D:1      | Gained mutation: You are surrounded by a mild repulsion
                  | field. (EV +2) [demonic ancestry]
   294 | D:1      | Reached XP level 3. HP: 9/29 MP: 3/3
  1042 | D:2      | Reached skill level 1 in Unarmed Combat
  1078 | D:2      | Found a shimmering altar of Xom.
  1103 | D:2      | Found a sacrificial altar of Ru.
  1103 | D:2      | Found a bloodstained altar of Trog.
  1136 | D:2      | Found a basalt altar of Yredelemnul.
  1871 | D:3      | Reached XP level 4. HP: 8/35 MP: 4/4
  2227 | D:3      | Noticed a sky beast
  2243 | D:3      | HP: 1/35 [sky beast (6)]
  2246 | D:3      | Slain by a sky beast

Skill      XL: |  1  2  3 |
---------------+----------+-----
Long Blades    | 2 |  2.1
Shields        | 3 |  3.4
Unarmed Combat | 1 |  1.5
Armour         | 3 |  3.0
Fighting       | |  3.4

Action                   |  1- 3 |  4- 6 || total
-------------------------+-------+-------++-------
Melee: Long sword        |   100 |    16 ||   116
       Unarmed           |    45 |       ||    45
  Eat: Chunk             |     3 |     1 ||     4
Armor: Scale mail        |    89 |     6 ||    95
Dodge: Dodged            |    57 |     5 ||    62
Block: Shield            |    84 |     4 ||    88
       Rpst.: Long sword |     9 |     3 ||    12
